[Event "Saturday 06 January Rapid Engine Tour 12+1 Rounds 9 Starts 1600 ST"]
[Site "Infinity Chess"]
[Date "2018.1.6"]
[Round "9"]
[White "Harry_Potter"]
[Black "incredible"]
[Result "1-0"]
[ECO "C14"]
[WhiteElo "2516"]
[BlackElo "2481"]
[WhiteEngine "stockfish_18010422_x64_bmi2_CTG"]
[BlackEngine "stockfish_18010422_x64_bmi2"]
[EventType "Swiss"]
[WhiteTeam ""]
[BlackTeam ""]
[PlyCount "187"]
[TimeControl "720+1"]

1. e4 e6 2. d4 d5 3. Nc3 Nf6 4. Bg5 Be7 5. e5 Nfd7 6. Bxe7 Qxe7 7. f4 a6 
8. Nf3 c5 9. dxc5 Qxc5 10. Qd2 Nc6 11. Bd3 Qa5 12. a3 Nc5 13. O-O Nxd3 
14. Qxd3 Bd7 15. Qe3 Qc7 16. Ne2 Na5 17. Ned4 Nc4 18. Qc1 Rc8 19. Rf2 h6 
20. c3 g6 21. Qc2 Kf8 22. Re1 Re8 23. Kh1 Kg7 24. g4 h5 25. gxh5 Rxh5 
26. Rg2 Qd8 27. Qf2 Rh6 28. Ng5 f6 29. Ngf3 f5 30. Reg1 Na5 31. Rg3 Rg8 
32. R1g2 Nc6 33. Nb3 Be8 34. Qg1 Bf7 35. Ng5 Qe7 36. Nc5 Nd8 37. h3 Be8 
38. Qd4 Bb5 39. a4 Bd7 40. Qb4 Re8 41. Qb6 Bc8 42. Nf3 Rg8 43. Kh2 Kh8 
44. Qd6 Qe8 45. b4 Rh5 46. Qb6 Rh7 47. a5 Rh6 48. Nd4 Qe7 49. Qd6 Qf7 
50. b5 axb5 51. Qb8 Nc6 52. Nxc6 bxc6 53. Qb6 Rh7 54. Qxc6 Bd7 55. Qd6 Qe8 
56. Rg1 Bc8 57. a6 Ra7 58. R1g2 Rag7 59. h4 Rh7 60. Kg1 Qf7 61. h5 Rxh5 
62. Rh2 Rxh2 63. Kxh2 g5 64. Qb6 g4 65. a7 Bd7 66. Qc7 d4 67. Nxd7 dxc3 
68. Qc6 Kg7 69. Rxc3 b4 70. Rd3 Rh8+ 71. Kg1 Qh5 72. a8=Q Qh2+ 73. Kf1 Qxf4+ 
74. Ke2 Rh2+ 75. Qg2 Rxg2+ 76. Qxg2 b3 77. Qb7 Qh2+ 78. Ke3 Kh6 79. Qxb3 Qg3+ 
80. Kd4 Qg1+ 81. Kc4 Qe1 82. Nc5 Kh5 83. Qb2 Qh1 84. Rd8 Kg6 85. Qd2 Qh4 
86. Nxe6 g3+ 87. Nf4+ Kg7 88. Qd4 Kh7 89. e6 Qxd8 90. Qxd8 g2 91. Qe7+ Kh6 
92. Qf6+ Kh7 93. Qf7+ Kh8 94. Ng6# 1-0

[Event "Saturday 06 January Rapid Engine Tour 12+1 Rounds 9 Starts 1600 ST"]
[Site "Infinity Chess"]
[Date "2018.1.6"]
[Round "9"]
[White "THE_MACHINE"]
[Black "Deep_Impact"]
[Result "1/2-1/2"]
[ECO "C58"]
[WhiteElo "2526"]
[BlackElo "2506"]
[WhiteEngine "BrainFish_171226_x64_bmi2"]
[BlackEngine "BrainFish_171226_x64_modern"]
[EventType "Swiss"]
[WhiteTeam ""]
[BlackTeam ""]
[PlyCount "223"]
[TimeControl "720+1"]

1. e4 e5 2. Nf3 Nc6 3. Bc4 Nf6 4. Ng5 d5 5. exd5 Na5 6. Bb5+ c6 7. dxc6 bxc6 
8. Be2 h6 9. Nh3 Qc7 10. O-O Bc5 11. Kh1 O-O 12. d3 Nb7 13. Nc3 Rd8 14. Qe1 Bf5 
15. Bf3 Re8 16. Ng1 Nd6 17. Ne4 Nfxe4 18. Bxe4 Nxe4 19. dxe4 Bg6 20. Nf3 Rad8 
21. Nh4 Bh7 22. g4 Re7 23. f3 Red7 24. Ng2 Bd4 25. Rb1 Bg6 26. b3 f6 27. Bd2 Bb6 
28. Be3 Bf7 29. Bxb6 axb6 30. a4 c5 31. Qc3 Rd2 32. Ne3 R8d7 33. Kg1 Qd8 
34. Rbe1 Kh7 35. Rf2 R2d4 36. Ra1 Ra7 37. Nf5 Rdd7 38. Ne3 Rd4 39. Kg2 Qa8 
40. Rb1 c4 41. bxc4 Rxa4 42. Rxb6 Bxc4 43. Nf5 Ra3 44. Qe1 Ra1 45. Qe3 Ra3 
46. Qe1 Ra1 47. Rb1 Rxb1 48. Qxb1 Rd7 49. Ne3 Be6 50. Qb6 Bf7 51. Qb4 Qa7 
52. Rd2 Rb7 53. Qc3 Rc7 54. Qd3 Qa5 55. Nd5 Rc4 56. Qe2 Ra4 57. Ne3 Qb4 
58. Rd7 Be6 59. Rd2 Bf7 60. Rd7 Be6 61. Rd1 Ra3 62. Nd5 Qc5 63. Rd3 Ra1 
64. Qf2 Qc6 65. Rc3 Qb5 66. Ne3 Qb8 67. Rc6 Bd7 68. Rc3 Be6 69. Kg3 Qb7 
70. Rd3 Qb8 71. h3 Bf7 72. Kh2 Qb4 73. Kg2 Qb5 74. Rd6 Qb4 75. Rd1 Ra3 
76. Qe1 Qb6 77. Nd5 Qb5 78. Ne3 Qb6 79. Kf2 Qa7 80. Rd3 Rxd3 81. cxd3 Be8 
82. Qb1 Qa3 83. Nc4 Qa7+ 84. Ne3 Qa3 85. Kg2 Qa5 86. Qc2 Qe1 87. Nf5 Bb5 
88. h4 Ba6 89. Ne7 Qb4 90. Qa2 Qxe7 91. Qxa6 Qc5 92. Qc4 Qe3 93. Qd5 Qe2+ 
94. Kg3 Qe1+ 95. Kg2 Qxh4 96. d4 exd4 97. Qxd4 Qe1 98. Kh3 Qe2 99. Kg3 Kg6 
100. Qd7 Qe3 101. Qf5+ Kf7 102. Qd5+ Kg6 103. Kg2 Kh7 104. Qf5+ Kg8 
105. Qd5+ Kh7 106. f4 Kh8 107. e5 fxe5 108. Qxe5 Qxe5 109. fxe5 Kg8 110. Kf2 g6 
111. Ke3 Kf7 112. Kd3 1/2-1/2

[Event "Saturday 06 January Rapid Engine Tour 12+1 Rounds 9 Starts 1600 ST"]
[Site "Infinity Chess"]
[Date "2018.1.6"]
[Round "9"]
[White "Marsell"]
[Black "xeonrocks"]
[Result "1/2-1/2"]
[ECO "C53"]
[WhiteElo "2473"]
[BlackElo "2517"]
[WhiteEngine "asmFishW_2017-12-07_popcnt"]
[BlackEngine "asmFishW_CTG"]
[EventType "Swiss"]
[WhiteTeam ""]
[BlackTeam ""]
[PlyCount "102"]
[TimeControl "720+1"]

1. e4 e5 2. Nf3 Nc6 3. Bc4 Bc5 4. c3 Nf6 5. d3 d6 6. O-O O-O 7. h3 a5 8. Nbd2 h6 
9. Re1 Be6 10. b3 Ba7 11. Nf1 d5 12. exd5 Nxd5 13. Bd2 Qf6 14. N1h2 Rad8 
15. Rc1 Nf4 16. Bxf4 Bxc4 17. bxc4 Qxf4 18. Qc2 f5 19. Rb1 e4 20. dxe4 Bxf2+ 
21. Qxf2 fxe4 22. Qe2 exf3 23. Nxf3 Rb8 24. Qe6+ Kh7 25. Re4 Rf6 26. Rxf4 Rxe6 
27. Rf7 Ne7 28. Nd4 Re4 29. Rb5 a4 30. Ra5 Rd8 31. Kh2 b6 32. Rxa4 c5 
33. Rxe7 Rxe7 34. Nc6 Rdd7 35. Nxe7 Rxe7 36. Ra6 Re3 37. Rxb6 Rxc3 38. Rb5 Rxc4 
39. a4 Rc3 40. Kg1 c4 41. Kf2 Ra3 42. a5 Kg6 43. h4 c3 44. Ke2 Kf6 45. Kd3 g5 
46. g3 c2+ 47. Kxc2 Rxg3 48. hxg5+ hxg5 49. a6 Ra3 50. Rb6+ Ke5 51. Kb2 Ra4 
1/2-1/2

[Event "Saturday 06 January Rapid Engine Tour 12+1 Rounds 9 Starts 1600 ST"]
[Site "Infinity Chess"]
[Date "2018.1.6"]
[Round "8"]
[White "Thinker"]
[Black "OlivierEvan"]
[Result "1/2-1/2 "]
[ECO "C50"]
[WhiteElo "2448"]
[BlackElo "2373"]
[WhiteEngine "BrainFish_180106_x64_modern_CTG"]
[BlackEngine "Houdini 6"]
[EventType "Swiss"]
[WhiteTeam ""]
[BlackTeam ""]
[PlyCount "269"]
[TimeControl "720+1"]

1. e4 e5 2. Nf3 Nc6 3. Bc4 Nge7 4. O-O Ng6 5. d4 exd4 6. Nxd4 Bc5 7. Nf5 O-O 
8. Qh5 d5 9. Bxd5 Bxf5 10. Bxc6 bxc6 11. Qxf5 Bd4 12. Nc3 Qd6 13. Ne2 Rae8 
14. Ng3 Rb8 15. Rb1 Rfe8 16. b3 Rbd8 17. Qh5 c5 18. Qe2 Nf4 19. Qg4 Ne6 
20. Nf5 Qa6 21. a4 g6 22. Nh6+ Kg7 23. Re1 Be5 24. Be3 Qc6 25. Kh1 Bc3 
26. Rec1 Bf6 27. f3 Nd4 28. Qh3 a5 29. Ng4 h5 30. Nxf6 Qxf6 31. Rf1 Nxc2 
32. Bxc5 Qc3 33. Bg1 Nd4 34. Rfc1 Qd2 35. Rd1 Qc2 36. Rbc1 Qb2 37. Rb1 Qc2 
38. Rdc1 Qd2 39. Qh4 Ne2 40. Rxc7 Nxg1 41. Rxg1 Rb8 42. Rc6 Qd4 43. Rgc1 Rxb3 
44. Qg5 Qe5 45. Qxe5+ Rxe5 46. h4 Rb4 47. Rc7 Rxa4 48. Ra7 Re8 49. Rcc7 Rf8 
50. Rc2 Rb4 51. Kh2 Rb5 52. Kg3 a4 53. Rcc7 Rb4 54. Kh3 Rd4 55. Rcb7 Rc4 
56. Re7 Rb4 57. Rec7 Rd4 58. Re7 Rb4 59. Red7 Kf6 60. Kh2 Kg7 61. Kh3 Kf6 
62. Kh2 Kg7 63. Re7 Rc4 64. Kg3 Kf6 65. Red7 Ke6 66. Rdb7 Kf6 67. Re7 Kg7 
68. Red7 Kf6 69. Rd5 Rfc8 70. Rdd7 Rf8 71. Rdb7 Kg7 72. Kh2 Kf6 73. Ra6+ Kg7 
74. Ra5 Rfc8 75. Raa7 Rf8 76. Kh3 Kg8 77. Kh2 Kg7 78. Kh3 Kg8 79. Kg3 Kg7 
80. Kh2 Kf6 81. Ra6+ Kg7 82. Re7 Rd8 83. Kg3 Rf8 84. Kf4 Kh6 85. Raa7 Kg7 
86. Kg3 Kf6 87. Red7 Ke6 88. Kh2 Kf6 89. Rd6+ Kg7 90. Kh3 Rfc8 91. Rda6 R4c7 
92. Rxa4 Rxa7 93. Rxa7 Rc2 94. Rb7 Kf6 95. Kg3 Ra2 96. Rb6+ Ke5 97. Rc6 Rb2 
98. Rc5+ Kf6 99. Rc7 Ra2 100. Rc8 Rb2 101. Rc3 Ke5 102. Rc7 Kf6 103. Rc8 Ke5 
104. Rc7 Kf6 105. Rc8 Ke5 106. Rc5+ Kf6 107. Rc6+ Ke5 108. Ra6 Re2 109. Ra7 Ke6 
110. Ra8 Kf6 111. Rg8 Rb2 112. Ra8 Re2 113. Ra1 Ke6 114. Ra5 Kf6 115. Rg5 Kg7 
116. Rd5 Kf6 117. Rd6+ Ke7 118. Rb6 Rc2 119. Rb4 Re2 120. Rb6 Rc2 121. Kh3 Ra2 
122. Rb7+ Ke6 123. Rb5 Rc2 124. Kg3 Kf6 125. Rb8 Ra2 126. Rb4 Ke6 127. Rb7 Kf6 
128. Rb4 Ke6 129. Rb6+ Ke5 130. Rb5+ Kf6 131. Kh3 Re2 132. Kg3 Ra2 133. Kh2 Ke6 
134. Kh3 Rc2 135. Rg5 1/2-1/2

[Event "Saturday 06 January Rapid Engine Tour 12+1 Rounds 9 Starts 1600 ST"]
[Site "Infinity Chess"]
[Date "2018.1.6"]
[Round "8"]
[White "IronMan"]
[Black "angriff"]
[Result "1-0"]
[ECO "A00"]
[WhiteElo "2381"]
[BlackElo "2393"]
[WhiteEngine "Stockfish SL BMI2"]
[BlackEngine "SF_64BIT_POPCNT_CTG"]
[EventType "Swiss"]
[WhiteTeam ""]
[BlackTeam ""]
[PlyCount "163"]
[TimeControl "720+1"]

1. Nc3 d5 2. d4 Nf6 3. Bf4 e6 4. Nb5 Na6 5. e3 Be7 6. Nf3 O-O 7. Be2 c6 
8. Nc3 Nh5 9. Be5 f6 10. Bg3 g6 11. Qd2 b5 12. a3 Bb7 13. Bf4 Nxf4 14. exf4 Nc7 
15. h4 a5 16. h5 gxh5 17. Rxh5 Qe8 18. g4 Rf7 19. Qe3 Rg7 20. O-O-O c5 
21. Rdh1 c4 22. a4 Bc8 23. g5 b4 24. Nb1 Ra6 25. b3 Rc6 26. Rh6 e5 27. gxf6 Bxf6 
28. dxe5 Be7 29. bxc4 dxc4 30. e6 Bxe6 31. Ne5 b3 32. Qe4 b2+ 33. Kxb2 Rb6+ 
34. Kc1 Qb8 35. Nc3 Ba3+ 36. Kd2 Rd6+ 37. Ke3 Qa7+ 38. Kf3 Qd4 39. Rxh7 Qxe4+ 
40. Nxe4 Rxh7 41. Nf6+ Kg7 42. Rxh7+ Kxf6 43. Rxc7 Bc1 44. c3 Bd5+ 45. Kg3 Kf5 
46. Bg4+ Ke4 47. Bf3+ Kf5 48. Bg4+ Ke4 49. f3+ Ke3 50. Rxc4 Bd2 51. Bh5 Be1+ 
52. Kg4 Kf2 53. Rc5 Bb3 54. Bf7 Bd1 55. f5 Bd2 56. Be6 Be1 57. Rc4 Bc2 
58. f4 Ra6 59. Kg5 Kg2 60. Rd4 Kh3 61. Nf3 Bf2 62. Rd2 Kg3 63. Ne5 Be4 
64. Rxf2 Kxf2 65. f6 Rxe6 66. f7 Rd6 67. f8=Q Rd2 68. Qc5+ Kf1 69. Qc4+ Re2 
70. f5 Ba8 71. f6 Ke1 72. Nd3+ Kd2 73. f7 Re4 74. Qa2+ Kxd3 75. f8=Q Re5+ 
76. Kh6 Re6+ 77. Qxe6 Bd5 78. Qf1+ Kc2 79. Qee2+ Kxc3 80. Qe3+ Kb2 81. Qfc1+ Ka2 
82. Qea3# 1-0

[Event "Saturday 06 January Rapid Engine Tour 12+1 Rounds 9 Starts 1600 ST"]
[Site "Infinity Chess"]
[Date "2018.1.6"]
[Round "8"]
[White "Klaus"]
[Black "CoffeeOne"]
[Result "1/2-1/2"]
[ECO "D31"]
[WhiteElo "2431"]
[BlackElo "2500"]
[WhiteEngine "asmFishW_2017-11-19_bmi2"]
[BlackEngine "cfish-2018-01-05"]
[EventType "Swiss"]
[WhiteTeam ""]
[BlackTeam ""]
[PlyCount "113"]
[TimeControl "720+1"]

1. d4 d5 2. c4 e6 3. Nc3 c6 4. e4 dxe4 5. Nxe4 Bb4+ 6. Bd2 Qxd4 7. Bxb4 Qxe4+ 
8. Be2 Na6 9. Ba5 b6 10. Qd6 Bd7 11. Bc3 f6 12. Nf3 Nh6 13. Rd1 Rd8 14. Qa3 Bc8 
15. Nd2 Qf4 16. Bh5+ Nf7 17. O-O c5 18. Qa4+ Ke7 19. Rfe1 Ng5 20. Re3 Rd6 
21. Rde1 Rhd8 22. Nf3 Kf8 23. a3 Nf7 24. h3 Rd3 25. Rxd3 Rxd3 26. Qc2 Qxc4 
27. Nd2 Qd5 28. Be2 Bb7 29. f3 Rd4 30. Bxd4 Qxd4+ 31. Kh1 Nc7 32. Nc4 Bd5 
33. Rd1 Qf4 34. a4 h6 35. b3 Nd6 36. Nxd6 Qxd6 37. Bc4 Kf7 38. Qd2 Qg3 
39. Qd3 Kg8 40. Kg1 Kf7 41. Kh1 Qd6 42. Kg1 Qf4 43. Kf1 h5 44. Re1 h4 45. Qc2 f5 
46. Qe2 Qd6 47. Rd1 Ke7 48. Kg1 Kf6 49. Qb2+ Qe5 50. Qf2 g5 51. Qd2 Qf4 
52. Qc3+ Qe5 53. Qd2 Qg3 54. Qc3+ Qe5 55. Qd3 Qb2 56. Qe3 Qe5 57. Qd2 1/2-1/2

[Event "Saturday 06 January Rapid Engine Tour 12+1 Rounds 9 Starts 1600 ST"]
[Site "Infinity Chess"]
[Date "2018.1.6"]
[Round "8"]
[White "ocirema"]
[Black "MGR"]
[Result "1/2-1/2"]
[ECO "C53"]
[WhiteElo "2433"]
[BlackElo "2484"]
[WhiteEngine "Stockfish_18010423_720_x64_modern_BYO_RW_CTG"]
[BlackEngine "asmFishW_2017-11-19_bmi2"]
[EventType "Swiss"]
[WhiteTeam ""]
[BlackTeam ""]
[PlyCount "163"]
[TimeControl "720+1"]

1. e4 e5 2. Nf3 Nc6 3. Bc4 Bc5 4. c3 Nf6 5. d3 d6 6. O-O O-O 7. Nbd2 a5 
8. h3 Be6 9. Bb5 h6 10. Re1 Qb8 11. Nf1 Qa7 12. Re2 a4 13. Ng3 Qa5 14. Bxc6 bxc6 
15. Nh4 Rfe8 16. Re1 d5 17. exd5 cxd5 18. Rxe5 Bf8 19. Qc2 c5 20. Bd2 Nd7 
21. Re3 c4 22. d4 Qd8 23. Nf3 Bd6 24. a3 Bxg3 25. fxg3 Nf6 26. Rae1 Ne4 
27. g4 f6 28. Rf1 Ng3 29. Rd1 Ne4 30. Rf1 Bf7 31. Nh4 g6 32. Qd1 Kg7 33. Qc1 Ra6 
34. Ree1 Kh7 35. Qd1 Kg7 36. Bf4 Qd7 37. Be3 Kh7 38. Bd2 Rb6 39. Bc1 Rbe6 
40. Bd2 Qc7 41. Bc1 Qg3 42. Nf3 Kg7 43. Qc2 Qd6 44. Re3 Qd7 45. Nd2 Nxd2 
46. Rxe6 Rxe6 47. Bxd2 g5 48. Re1 Bg6 49. Qd1 Be4 50. Qc1 Rb6 51. Re2 Bd3 
52. Rf2 Re6 53. Rf3 Be4 54. Re3 Qb7 55. Be1 Rb6 56. Re2 Qc7 57. Qe3 Qb7 
58. Qc1 Qc7 59. Qd2 Qb8 60. Rf2 Qd6 61. Re2 Bd3 62. Rf2 Qe7 63. Qd1 Re6 
64. Bd2 Qe8 65. Qf3 Qd7 66. Qg3 Qe7 67. Rf3 Re2 68. Re3 Rxe3 69. Bxe3 Qb7 
70. Qd6 Be4 71. Bf2 Qxb2 72. Qe7+ Kg8 73. Qxf6 Qxc3 74. Qxh6 Qd2 75. Qe6+ Kg7 
76. Qe5+ Kg6 77. Qe8+ Kg7 78. Qe7+ Kh8 79. Qd8+ Kg7 80. Qe7+ Kh8 81. Qe8+ Kg7 
82. Qe7+ 1/2-1/2

[Event "Saturday 06 January Rapid Engine Tour 12+1 Rounds 9 Starts 1600 ST"]
[Site "Infinity Chess"]
[Date "2018.1.6"]
[Round "8"]
[White "MarioDeMonti"]
[Black "Susanne"]
[Result "1/2-1/2"]
[ECO "B32"]
[WhiteElo "2431"]
[BlackElo "2477"]
[WhiteEngine "stockfish_x64_bmi2_2017_12_26_CTG"]
[BlackEngine "Stockfish_x64_bmi2_CTG"]
[EventType "Swiss"]
[WhiteTeam ""]
[BlackTeam ""]
[PlyCount "150"]
[TimeControl "720+1"]

1. e4 c5 2. Nf3 Nc6 3. d4 cxd4 4. Nxd4 e5 5. Nb5 d6 6. N1c3 a6 7. Na3 b5 
8. Nd5 Nf6 9. Bg5 Be7 10. Bxf6 Bxf6 11. c3 O-O 12. Nc2 Bg5 13. a4 bxa4 
14. Rxa4 Kh8 15. Bc4 f5 16. h4 Bh6 17. exf5 Bxf5 18. Nce3 Bd7 19. Rxa6 Rxa6 
20. Bxa6 Be6 21. Bb5 Ne7 22. Bc4 Qb8 23. O-O Bxe3 24. Nxe3 Bxc4 25. Nxc4 d5 
26. Ne3 Qxb2 27. Nxd5 Nxd5 28. Qxd5 Qxc3 29. g3 Qb2 30. Kg2 h6 31. Qd3 Qb7+ 
32. Kg1 e4 33. Qe2 Rf3 34. Rd1 Qa8 35. Kh2 Qc6 36. Rd8+ Kh7 37. Rd4 Rf8 
38. Qe3 Re8 39. Rb4 Qd5 40. Rd4 Qc6 41. Kg2 Qe6 42. Rb4 Re7 43. Rb1 Rc7 
44. Rb8 Re7 45. Rb5 Rc7 46. Rb8 Rd7 47. Rb4 Re7 48. Kf1 Qe5 49. Rd4 Qe6 
50. Kg2 Qf5 51. Rd8 Qe6 52. Rd4 Qf5 53. Rd8 Qe6 54. Ra8 Rf7 55. Ra5 Re7 
56. Kg1 Rd7 57. Ra4 Re7 58. Ra5 Rb7 59. Qf4 Re7 60. Ra3 Rf7 61. Qd2 Rd7 
62. Qe2 Qd5 63. Kh2 Qc6 64. Ra5 e3 65. fxe3 Qc3 66. Ra2 Re7 67. e4 Qd4 
68. e5 Rxe5 69. Qc2+ Qe4 70. Qxe4+ Rxe4 71. Kg2 h5 72. Kf3 Rg4 73. Ra5 g6 
74. Ra7+ Kh6 75. Ra1 Rd4 1/2-1/2

[Event "Saturday 06 January Rapid Engine Tour 12+1 Rounds 9 Starts 1600 ST"]
[Site "Infinity Chess"]
[Date "2018.1.6"]
[Round "8"]
[White "neófito"]
[Black "Gilgamesch"]
[Result "1/2-1/2"]
[ECO "C50"]
[WhiteElo "2414"]
[BlackElo "2504"]
[WhiteEngine "Raubfisch X37b1_CTG"]
[BlackEngine "BrainFish_171005_x64_bmi2"]
[EventType "Swiss"]
[WhiteTeam ""]
[BlackTeam ""]
[PlyCount "55"]
[TimeControl "720+1"]

1. e4 e5 2. Nf3 Nc6 3. Bc4 Bc5 4. O-O Nf6 5. d3 d6 6. c3 O-O 7. Bg5 a5 8. a4 h6 
9. Bh4 g5 10. Bg3 Kg7 11. Nbd2 Ba7 12. Re1 Ng8 13. h3 h5 14. d4 Nh6 15. Nf1 g4 
16. Bh4 Qe8 17. N3h2 f6 18. Ng3 Kh8 19. Rc1 Qg6 20. Bd5 gxh3 21. Qxh5 Ne7 
22. Bb3 Qg7 23. gxh3 Ng6 24. Kh1 Nf4 25. Qf3 Ng6 26. Qh5 Nf4 27. Qf3 Ng6 28. Qh5 
1/2-1/2

[Event "Saturday 06 January Rapid Engine Tour 12+1 Rounds 9 Starts 1600 ST"]
[Site "Infinity Chess"]
[Date "2018.1.6"]
[Round "8"]
[White "Satria_Ungu"]
[Black "hafaba"]
[Result "1/2-1/2"]
[ECO "A41"]
[WhiteElo "2422"]
[BlackElo "2417"]
[WhiteEngine "Houdini 6_CTG"]
[BlackEngine "SF SL 03012018 POPCNT_CTG"]
[EventType "Swiss"]
[WhiteTeam ""]
[BlackTeam ""]
[PlyCount "114"]
[TimeControl "720+1"]

1. d4 d6 2. Nf3 Nf6 3. c4 e6 4. g3 d5 5. Bg2 Be7 6. O-O O-O 7. Qc2 Nbd7 
8. Rd1 a5 9. Bg5 h6 10. Bxf6 Nxf6 11. Nc3 c6 12. Rac1 Nd7 13. e3 Rb8 
14. Qe2 dxc4 15. Qxc4 b5 16. Qe2 Qb6 17. Ne4 Bb7 18. a3 a4 19. h4 Rfc8 
20. Ne5 Nxe5 21. dxe5 c5 22. Nd6 Bxd6 23. Rxd6 Qa7 24. Qg4 Bxg2 25. Kxg2 c4 
26. Qe4 Qb7 27. Kf3 Kf8 28. Qxb7 Rxb7 29. Ke4 h5 30. Kd4 Ke7 31. Kc3 f6 
32. Rcd1 fxe5 33. Ra6 Rf8 34. f4 exf4 35. exf4 Rf6 36. Re1 Rd7 37. Kb4 Rd2 
38. Kxb5 Rxb2+ 39. Kxc4 Rb3 40. Ra7+ Kf8 41. Rd1 Kg8 42. Rd8+ Kh7 43. Rd3 Rxd3 
44. Kxd3 Rg6 45. Rxa4 Rxg3+ 46. Ke4 Rh3 47. Ra6 Rxh4 48. Rxe6 Rh3 49. a4 Ra3 
50. Ra6 h4 51. Ra5 h3 52. Rh5+ Kg6 53. Rh8 h2 54. Rxh2 Rxa4+ 55. Ke5 Ra1 
56. f5+ Kf7 57. Ke4 Kf6 1/2-1/2

[Event "Saturday 06 January Rapid Engine Tour 12+1 Rounds 9 Starts 1600 ST"]
[Site "Infinity Chess"]
[Date "2018.1.6"]
[Round "8"]
[White "KillBill2017"]
[Black "NINJA_JENGKA"]
[Result "1/2-1/2"]
[ECO "B90"]
[WhiteElo "2405"]
[BlackElo "2420"]
[WhiteEngine "Raubfisch ME262_GTZ16b1_CTG"]
[BlackEngine "Houdini 6_CTG"]
[EventType "Swiss"]
[WhiteTeam ""]
[BlackTeam ""]
[PlyCount "126"]
[TimeControl "720+1"]

1. e4 c5 2. Nf3 d6 3. d4 cxd4 4. Nxd4 Nf6 5. Nc3 a6 6. Be3 e5 7. Nb3 Be6 
8. Qd2 Nbd7 9. f3 Be7 10. a3 h5 11. O-O-O b5 12. Kb1 Qc7 13. Nd5 Bxd5 
14. exd5 Nb6 15. Bxb6 Qxb6 16. Na5 Bd8 17. Nc6 Qc5 18. c3 Bb6 19. b4 Qe3 
20. Qxe3 Bxe3 21. Ka2 g6 22. a4 bxa4 23. Ka3 h4 24. Kxa4 O-O 25. Kb3 Kg7 
26. Bc4 e4 27. Rhe1 Bf2 28. Re2 e3 29. Ra2 Nh5 30. Nd4 Nf4 31. Bf1 Nxd5 
32. Rxa6 Rxa6 33. Bxa6 Nc7 34. Bd3 Kf6 35. f4 d5 36. Ra1 Ne6 37. Ne2 Rb8 
38. Ra5 Rd8 39. g3 Be1 40. Ra1 Bd2 41. Ra6 hxg3 42. hxg3 Ke7 43. Ra7+ Kf6 
44. Ra6 Ke7 45. Ra7+ Kf6 46. Ra5 Ke7 47. g4 g5 48. fxg5 Nxg5 49. b5 Ne6 
50. Bf5 Rb8 51. Kc2 Kf6 52. Bxe6 fxe6 53. Nd4 Rc8 54. Ra3 Rc4 55. g5+ Kxg5 
56. b6 Bxc3 57. Rxc3 Rxd4 58. Rxe3 Rh4 59. b7 Rh8 60. b8=Q Rxb8 61. Rxe6 Rh8 
62. Kd3 Rh6 63. Rxh6 Kxh6 1/2-1/2

[Event "Saturday 06 January Rapid Engine Tour 12+1 Rounds 9 Starts 1600 ST"]
[Site "Infinity Chess"]
[Date "2018.1.6"]
[Round "8"]
[White "Prometheus"]
[Black "Eman"]
[Result "1/2-1/2"]
[ECO "A05"]
[WhiteElo "2437"]
[BlackElo "2458"]
[WhiteEngine "Eman 1.58-64bit-IDeA"]
[BlackEngine "Eman 1.60 64-bit POPCNT"]
[EventType "Swiss"]
[WhiteTeam ""]
[BlackTeam ""]
[PlyCount "116"]
[TimeControl "720+1"]

1. Nf3 Nf6 2. d4 d5 3. c4 e6 4. g3 Bb4+ 5. Bd2 Be7 6. Bg2 O-O 7. O-O c6 8. b3 b6 
9. Bc3 Bb7 10. Nbd2 Nbd7 11. e3 Qc7 12. Rc1 Rfd8 13. cxd5 Nxd5 14. Ba1 N5f6 
15. e4 Rac8 16. Re1 b5 17. Ng5 h6 18. Nxf7 Kxf7 19. e5 Nd5 20. Bxd5 exd5 
21. e6+ Kg8 22. exd7 Qxd7 23. Nf3 Bd6 24. Qd3 Rf8 25. Ne5 Qh3 26. Bc3 c5 
27. f4 c4 28. Qd2 h5 29. Bb4 c3 30. Bxc3 h4 31. Qf2 Ba3 32. Ng6 Bxc1 
33. Ne7+ Kf7 34. Nxc8 Rxc8 35. Rxc1 Qg4 36. Qe3 Re8 37. Qd3 Bc8 38. Re1 hxg3 
39. Rxe8 gxh2+ 40. Kxh2 Kxe8 41. Qxb5+ Bd7 42. Qb8+ Kf7 43. Qxa7 Qxf4+ 
44. Kg2 Qf5 45. Qc7 Qe4+ 46. Kf1 Qd3+ 47. Ke1 Kg8 48. Qxd7 Qxc3+ 49. Kf1 Qa1+ 
50. Ke2 Qxa2+ 51. Ke3 Qxb3+ 52. Kf4 Qb8+ 53. Kg4 Qb3 54. Qe6+ Kh7 55. Qe1 g6 
56. Qe2 Qb8 57. Qe6 Qa7 58. Qxd5 Qc7 1/2-1/2

[Event "Saturday 06 January Rapid Engine Tour 12+1 Rounds 9 Starts 1600 ST"]
[Site "Infinity Chess"]
[Date "2018.1.6"]
[Round "8"]
[White "SkyPilot"]
[Black "RonWeasley"]
[Result "1/2-1/2"]
[ECO "C11"]
[WhiteElo "2472"]
[BlackElo "2438"]
[WhiteEngine "stockfish_x64_bmi2_2018_01_01_CTG"]
[BlackEngine "BrainFish 261217_CTG"]
[EventType "Swiss"]
[WhiteTeam ""]
[BlackTeam ""]
[PlyCount "121"]
[TimeControl "720+1"]

1. e4 e6 2. d4 d5 3. Nc3 Nf6 4. e5 Nfd7 5. f4 c5 6. Nf3 Nc6 7. Be3 cxd4 
8. Nxd4 Qb6 9. Qd2 Qxb2 10. Rb1 Qa3 11. Bb5 Nxd4 12. Bxd4 a6 13. Bxd7+ Bxd7 
14. Rb3 Qe7 15. Rxb7 Rc8 16. O-O Qd8 17. f5 exf5 18. Qd3 Bc5 19. Bxc5 Rxc5 
20. Nxd5 Bc8 21. Re7+ Kf8 22. Qa3 Qa5 23. Qxa5 Rxa5 24. Rc7 Be6 25. Nf4 Rxe5 
26. Nxe6+ Rxe6 27. Rxf5 Re7 28. Rc8+ Re8 29. Rfc5 Ke7 30. R8c6 g6 31. a4 Ra8 
32. Rc7+ Kf6 33. Rc4 Rhf8 34. Rf4+ Kg7 35. c4 Rab8 36. c5 g5 37. Rf3 Rb4 
38. c6 Rxa4 39. Rc3 Re8 40. Rd7 Re2 41. h3 Raa2 42. Rg3 h6 43. h4 Ra1+ 
44. Kh2 Ree1 45. Rf3 Rh1+ 46. Kg3 gxh4+ 47. Kf4 Rac1 48. Kg4 Rc4+ 49. Rf4 h5+ 
50. Kg5 Rxf4 51. Kxf4 Rc1 52. c7 Kf6 53. Rd6+ Ke7 54. Rxa6 Rxc7 55. Kg5 h3 
56. gxh3 h4 57. Ra1 f6+ 58. Kxh4 Kf7 59. Ra8 Rc4+ 60. Kh5 Ke6 61. h4 1/2-1/2

[Event "Saturday 06 January Rapid Engine Tour 12+1 Rounds 9 Starts 1600 ST"]
[Site "Infinity Chess"]
[Date "2018.1.6"]
[Round "8"]
[White "incredible"]
[Black "KhalidOmar"]
[Result "1/2-1/2"]
[ECO "B50"]
[WhiteElo "2483"]
[BlackElo "2443"]
[WhiteEngine "stockfish_18010422_x64_bmi2"]
[BlackEngine "Eman 1.60 64-bit BMI2"]
[EventType "Swiss"]
[WhiteTeam ""]
[BlackTeam ""]
[PlyCount "229"]
[TimeControl "720+1"]

1. e4 c5 2. Nf3 d6 3. Nc3 Nf6 4. d4 cxd4 5. Nxd4 a6 6. Be2 e5 7. Nb3 Be7 
8. O-O Be6 9. Be3 O-O 10. Qd3 Nc6 11. a3 Rc8 12. Rfe1 Na5 13. Nxa5 Qxa5 
14. h3 b5 15. Bd2 Qb6 16. Qg3 Kh8 17. Bd3 Qc6 18. Red1 h6 19. a4 b4 20. Nd5 Nxd5 
21. exd5 Bxd5 22. Bxb4 Rb8 23. Ba3 Be6 24. Qe3 Rfc8 25. Qa7 Bf6 26. Qxa6 Rb6 
27. Qa5 Ra8 28. Qe1 Rxa4 29. b3 Ra8 30. Bb2 Rab8 31. Ra7 R6b7 32. Rxb7 Qxb7 
33. Qe4 Qxe4 34. Bxe4 Be7 35. Ra1 Kg8 36. Ra7 Bf8 37. Kf1 f6 38. Bg6 d5 
39. Ke2 Bc5 40. Rc7 Bb4 41. Bc1 Kf8 42. Bd2 Bd6 43. Ra7 Rc8 44. g4 Bc5 
45. Rb7 Ra8 46. f4 Bd6 47. Rb6 Ke7 48. Rb7+ Kf8 49. Bf5 Bf7 50. fxe5 fxe5 
51. h4 Ra1 52. Rb6 Ke7 53. h5 Rh1 54. Ba5 Be8 55. Rb7+ Kf8 56. Rb6 Ke7 
57. Bc3 d4 58. Be1 Bf7 59. Rb7+ Kf8 60. Bg3 Rg1 61. Bf2 Rh1 62. Rd7 Be7 
63. Bg3 Bh4 64. Bxh4 Rxh4 65. Kd1 Rh3 66. Kc1 Rf3 67. b4 Ra3 68. Rb7 Ra1+ 
69. Kb2 Ra2+ 70. Kb1 Ra8 71. b5 Bd5 72. Rc7 Bg2 73. Kc1 Rb8 74. Rc5 e4 
75. Bg6 e3 76. Re5 Rc8 77. Kb2 Bf3 78. Kb3 Bxg4 79. b6 Rd8 80. b7 e2 81. Kc4 Kg8 
82. Kc5 Bf3 83. Kb4 Bxb7 84. Rxe2 Bc8 85. Rf2 Bg4 86. Bf7+ Kh8 87. Bg6 Kg8 
88. Kc5 Rd7 89. Rf4 Be6 90. Rf2 Bg4 91. Rf1 Rd8 92. Rf4 Be6 93. Rxd4 Rxd4 
94. Kxd4 Kf8 95. c3 Ke7 96. Bd3 Bg4 97. Bg6 Be2 98. c4 Kd6 99. c5+ Kd7 
100. Kd5 Bg4 101. c6+ Kc7 102. Be8 Bf3+ 103. Kc5 Bg2 104. Bd7 Be4 105. Be8 Bf3 
106. Kb5 Bd1 107. Bg6 Be2+ 108. Kc5 Bf3 109. Be8 Be2 110. Bg6 Bd1 111. Kd5 Bf3+ 
112. Ke6 Bxc6 113. Kf7 Kb8 114. Bd3 Kc7 115. Kxg7 1/2-1/2